 Dungeon Crawl Stone Soup version 0.31.0-12-g77e489cdc1 (webtiles) character file.

Game seed: 15182364349042373690

9 Silvore the Trooper (level 2, -3/24 HPs)
             Began as a Demonspawn Fighter on Feb 12, 2024.
             Slain by a kobold
             ... wielding a +0 short sword
              (4 damage)
             ... on level 2 of the Dungeon.
             The game lasted 00:00:32 (404 turns).

Silvore the Trooper (Demonspawn Fighter)             Turns: 404, Time: 00:00:33

Health: -3/24      AC:  0    Str: 16    XL:     2   Next: 3%
Magic:  2/2        EV: 11    Int:  8    God:
Gold:   26         SH:  0    Dex: 12    Spells: 1/1 levels left

rFire   . . .        a - +0 long sword
rCold   . . .        (no shield)
rNeg    . . .        (no body armour)
rPois   .            (helmet restricted)
rElec   .            (no cloak)
rCorr   .            (no gloves)
SInv    .            (no boots)
Will    .....        (no amulet)
Stlth   +            (no ring)
HPRegen 0.24/turn    (no ring)
MPRegen 0.08/turn

%: no passive effects
@: no status effects
A: antennae 1
a: no special abilities


You were on level 2 of the Dungeon.
You visited 1 branch of the dungeon, and saw 2 of its levels.

You collected 26 gold pieces.

Inventory:

Hand Weapons
 a - a +0 long sword (weapon)
Scrolls
 e - a scroll of fog {unknown}
 f - a scroll of teleportation {unknown}
 g - 2 scrolls of identify {unknown}
 h - 3 scrolls of blinking {unknown}
 i - a scroll of noise {unknown}
Potions
 b - a potion of enlightenment {unknown}
 d - a potion of might


   Skills:
 + Level 3.1 Fighting
 + Level 1.8 Long Blades
 + Level 3.0 Armour
 + Level 0.1 Dodging
 + Level 2.7 Shields


You had one spell level left.
You didn't know any spells.
Your spell library was empty.

Dungeon Overview and Level Annotations

Branches:
Dungeon (2/15)

Altars:


Innate Abilities, Weirdness & Mutations

You have a pair of small antennae on your head.


Message History

h - 3 scrolls labelled XECAUG TYSH You see here 3 stones.
You see here 3 stones.
i - a scroll labelled FOXIAS CAFA You start removing your armour.
You continue taking off your +0 buckler. x4
You finish taking off your +0 buckler.
You drop a +0 buckler.
You start removing your armour.
You continue taking off your +0 scale mail. x4
You finish taking off your +0 scale mail.
You drop a +0 scale mail.
There is a stone staircase leading down here.
You climb downwards.
There is a stone staircase leading up here.
You now have 20 gold pieces (gained 3).
You now have 26 gold pieces (gained 6).
Found 9 stones.
b - a cyan potion You see here 9 stones.
A rat comes into view.
A rat is nearby!
A kobold comes into view. It is wielding a +0 short sword.
The kobold shouts!
You hear a loud squeak.
An orc comes into view. It is wielding a +0 short sword.
The kobold throws a stone.
The stone closely misses you.
The kobold hits you with a +0 short sword.
The orc hits you with a +0 short sword. The orc barely misses you.
The orc hits you with a +0 short sword.
The kobold hits you with a +0 short sword.
The orc barely misses you. The kobold completely misses you. The rat bites you.
The orc misses you. The kobold misses you. The rat misses you.
The orc closely misses you.
The kobold hits you with a +0 short sword.
The orc hits you with a +0 short sword.
* * * LOW HITPOINT WARNING * * *
The rat bites you.
* * * LOW HITPOINT WARNING * * *
The kobold hits you with a +0 short sword.
You die...

#### #.. ##.####
#.....#
###....r####.###
#......o@.......
#.#....K####....
##.......# #
########.#.######
..(.....###.#
########.# ##
#### #r. ...# #.#
...# .#


You could see an orc, a kobold and a rat.

Vanquished Creatures
  A ball python (D:1)
  3 hobgoblins (D:1)
  A quokka (D:1)
  2 frilled lizards (D:1)
  A rat (D:1)
8 creatures vanquished.

Notes
Turn   | Place    | Note
-------+----------+-------------------------------------------
     0 | D:1      | Silvore the Demonspawn Fighter began the quest for the Orb.
     0 | D:1      | Reached XP level 1. HP: 18/18 MP: 1/1
   293 | D:1      | Gained mutation: You have a pair of small antennae on your
                  | head. [demonic ancestry]
   293 | D:1      | Reached XP level 2. HP: 24/24 MP: 2/2
   403 | D:2      | HP: 1/24 [rat (3)]
   404 | D:2      | Slain by a kobold

Illustrated notes

Levels and vault maps discovered:
D:1:      arrival_zaba_pyramid, layout_loops_ring,
          nicolae_concentric_dashed_squares_wild, hangedman_feature_mirror
D:2:      layout_loops_ring, nicolae_titane, uniq_natasha, uniq_robin,
          uniq_jessica

Skill      XL: |  1 |
---------------+----+-----
Armour         | 3 |  3.0
Fighting       | |  3.1
Long Blades    | |  1.8
Dodging        | |  0.1
Shields        | |  2.7

Action                     || total
---------------------------++-------
  Melee: Long sword        ||    38
 Armour: Scale mail        ||    26
         Skin              ||     9
  Dodge: Dodged            ||    22
  Block: Buckler           ||    13
